 Dungeon Crawl Stone Soup version 0.28-a0-1429-gf3d713df7a (webtiles) character file.

Game seed: 15136962477135651122

77836 karrick the Basher (level 15, -5/97 HPs)
             Began as a Gargoyle Fighter on Jan 8, 2022.
             Was the Champion of Okawaru.
             Slain by a death yak (28 damage)
             ... summoned by a spriggan berserker
             ... on level 14 of the Dungeon on Jan 9, 2022.
             The game lasted 00:51:12 (24569 turns).

karrick the Basher (Gargoyle Fighter)              Turns: 24569, Time: 00:51:12

Health: -5/97      AC: 40    Str: 28    XL:     15   Next: 58%
Magic:  22/22      EV: 12    Int: 16    God:    Okawaru [******]
Gold:   1406       SH:  8    Dex: 19    Spells: 14/14 levels left

rFire   . . .      SeeInvis +   r - +4 whip of the Toadstool {freeze, Fly rCorr Dex+2 Stlth+}
rCold   + . .      Faith    +   c - +0 buckler
rNeg    + . .      Spirit   .   K - +8 chain mail of Raile {rC+ rCorr SInv}
rPois   ∞          Reflect  .   S - +0 hat of the Crypt {Slay+3}
rElec   +          Harm     .   v - +0 cloak
rCorr   +          Rampage  .   k - +1 pair of gloves of Hedging {rElec}
Will    +....                   J - +2 pair of boots of Leapfrog {Int+6}
Stlth   +.........              W - amulet of faith
HPRegen 0.26/turn               a - ring of the Furies {Dex+4 Slay+4}
MPRegen 0.18/turn               x - +6 ring of strength

@: about to teleport, flying, studying Summonings
A: sickness immunity, AC +11, big wings, negative energy resistance 1,
electricity resistance, torment resistance 1, petrification resistance
a: Renounce Religion, Heroism, Finesse, Duel


You were on level 14 of the Dungeon.
You worshipped Okawaru.
Okawaru was exalted by your worship.
You visited 3 branches of the dungeon, and saw 21 of its levels.
You visited the Abyss 1 time.
You visited 1 bazaar.

You collected 1610 gold pieces.
You spent 204 gold pieces at shops.

Inventory:

Hand Weapons
 r - the +4 whip of the Toadstool (weapon) {freeze, Fly rCorr Dex+2 Stlth+}
   (You took it off a hobgoblin on level 3 of the Dungeon)

   It freezes those it strikes, dealing additional cold damage.
   It can also slow down cold-blooded creatures.
   Dex:       It affects your dexterity (+2).
   Fly:       It grants you flight.
   rCorr:     It protects you from acid and corrosion.
   Stlth:     It makes you more stealthy.
 R - a +1 hand axe of freezing
 T - a +0 hand axe of distortion
Missiles
 N - 2 silver boomerangs (quivered)
 Z - 4 silver javelins
Armour
 c - a +0 buckler (worn)
 d - +0 acid dragon scales
 k - the +1 pair of gloves of Hedging (worn) {rElec}
   (Okawaru gifted it to you on level 6 of the Lair of Beasts)

   rElec:     It insulates you from electricity.
 n - an orb of wrath
 v - a +0 cloak (worn)
 J - the +2 pair of boots of Leapfrog (worn) {Int+6}
   (Okawaru gifted it to you on level 13 of the Dungeon)

   Int:       It affects your intelligence (+6).
 K - the +8 chain mail of Raile (worn) {rC+ rCorr SInv}
   (You found it on level 8 of the Dungeon)

   rC:        It protects you from cold.
   SInv:      It lets you see invisible.
   rCorr:     It protects you from acid and corrosion.
 P - a +0 troll leather armour
 Q - the +2 leather armour of the Game of Kings {Rampage rCorr}
   (You found it on level 9 of the Dungeon)

   rCorr:     It protects you from acid and corrosion.
   Rampage:   It bestows one free step when moving towards enemies.
 S - the +0 hat of the Crypt (worn) {Slay+3}
   (Okawaru gifted it to you on level 9 of the Dungeon)

   Slay:      It affects your accuracy & damage with ranged weapons and melee
   (+3).
Jewellery
 a - the ring of the Furies (left hand) {Dex+4 Slay+4}
   (You found it on level 2 of the Lair of Beasts)

   [ring of slaying]

   Dex:       It affects your dexterity (+4).
   Slay:      It affects your accuracy & damage with ranged weapons and melee
   (+4).
 l - the ring of Viot {rPois rC- Slay+3 SInv}
   (You found it on level 4 of the Lair of Beasts)

   [ring of poison resistance]

   Slay:      It affects your accuracy & damage with ranged weapons and melee
   (+3).
   rC:        It makes you vulnerable to cold.
   rPois:     It protects you from poison.
   SInv:      It lets you see invisible.
 o - an amulet of guardian spirit
 x - a +6 ring of strength (right hand)
 D - an amulet of regeneration
 E - a ring of ice
 L - a ring of positive energy
 W - an amulet of faith (around neck)
Wands
 q - a wand of mindburst (25)
 y - a wand of iceblast (26)
 M - a wand of digging (7)
 O - a wand of polymorph (7)
Scrolls
 b - 4 scrolls of immolation
 e - 19 scrolls of teleportation
 g - 4 scrolls of amnesia
 w - 3 scrolls of fog
 z - a scroll of identify
 B - 3 scrolls of enchant armour
 C - 3 scrolls of blinking
 F - a scroll of silence {unknown}
 G - 3 scrolls of enchant weapon
 H - a scroll of vulnerability
 U - a scroll of torment
 V - 2 scrolls of fear
Potions
 f - 2 potions of ambrosia
 h - 5 potions of brilliance
 i - 8 potions of curing
 j - 4 potions of heal wounds
 m - 2 potions of might
 p - 4 potions of invisibility
 s - a potion of resistance
 t - 5 potions of magic
 u - 2 potions of mutation
 A - a potion of berserk rage
 I - 3 potions of cancellation
Miscellaneous
 X - a tin of tremorstones (1/2)
 Y - a condenser vane (inert)


   Skills:
 + Level 12.8 Fighting
 + Level 14.2 Maces & Flails
 + Level 2.1 Throwing
 + Level 13.8 Armour
 + Level 6.0 Dodging
 + Level 6.1 Stealth
 + Level 12.0 Shields
 * Level 10.3 Invocations
 + Level 0.1 Evocations


You had 14 spell levels left.
You didn't know any spells.
Your spell library contained the following spells:

 Spells                   Type           Power      Damage    Failure   Level
 Magic Dart               Conj           0%         1d3       73%         1
 Blink                    Tloc           0%         N/A       86%         2
 Frozen Ramparts          Ice            0%         1d2       97%         3
 Gell's Gravitas          Tloc           0%         N/A       97%         3
 Mephitic Cloud           Conj/Pois/Air  0%         N/A       97%         3
 Portal Projectile        Hex/Tloc       0%         N/A       97%         3
 Stone Arrow              Conj/Erth      0%         3d7       97%         3
 Teleport Other           Tloc           0%         N/A       97%         3
 Cause Fear               Hex            0%         N/A       100%        4
 Ice Form                 Ice/Tmut       0%         N/A       100%        4
 Leda's Liquefaction      Hex/Erth       0%         N/A       100%        4
 Passage of Golubria      Tloc           0%         N/A       100%        4
 Alistair's Intoxication  Tmut/Pois      0%         N/A       100%        5
 Borgnjor's Vile Clutch   Necr/Erth      0%         N/A       100%        5
 Manifold Assault         Tloc           0%         N/A       100%        5
 Silence                  Hex/Air        0%         N/A       100%        5
 Dispersal                Tloc           0%         N/A       100%        6
 Eringya's Noxious Bog    Tmut/Pois      0%         N/A       100%        6
 Dragon Form              Tmut           0%         N/A       100%        7
 Storm Form               Tmut/Air       0%         N/A       100%        7
 Lehudib's Crystal Spear  Conj/Erth      0%         10d2      100%        8
 Call Imp                 Summ           Unusable   N/A       N/A         2
 Call Canine Familiar     Summ           Unusable   N/A       N/A         3
 Animate Armour           Summ/Erth      Unusable   N/A       N/A         4
 Summon Ice Beast         Ice/Summ       Unusable   N/A       N/A         4
 Dragon's Call            Summ           Unusable   N/A       N/A         9

Dungeon Overview and Level Annotations

Branches:
Dungeon (14/15)            Temple (1/1) D:4            Lair (6/6) D:8
  Swamp (0/4) Lair:3       Spider (0/4) Lair:3        Slime (0/5) Lair:6
    Orc (0/2) D:9          Vaults (0/5) D:13

Altars:
Ashenzari
Cheibriados
Dithmenos
Elyvilon
Fedhas
Gozag
Hepliaklqana
Kikubaaqudgha
Makhleb
Nemelex Xobeh
Okawaru
Qazlal
Ru
Sif Muna
Trog
Uskayaw
Vehumet
Wu Jian
Xom
Yredelemnul
Zin
The Shining One

Shops:
D:5 *   D:6 :   D:9 [

Annotations:
D:2 Sigmund
D:10 Snorg
D:12 2 transporters, browni3141's ghost, journeyman HuFi
Lair:6 exclusion: obsidian statue


Innate Abilities, Weirdness & Mutations

You are immune to sickness and miasma.
Your stone body is resilient. (AC +11)
You are immune to poison.
Your large and strong wings let you fly.
You resist negative energy. (rN+)
You are resistant to electric shocks. (rElec)
You are resistant to unholy torment.
You are immune to petrification.


Message History

The death yak gores you!
You hit the death yak but do no damage.
The death yak is almost dead.
The death yak gores you.
You are too injured to fight recklessly!
You are too injured to fight recklessly!
You are too injured to fight recklessly!
You are too injured to fight recklessly!
You are too injured to fight recklessly!
You are too injured to fight recklessly!
You are too injured to fight recklessly!
You are too injured to fight recklessly!
You are too injured to fight recklessly!
You are too injured to fight recklessly!
You are too injured to fight recklessly!
You are too injured to fight recklessly!
You are too injured to fight recklessly!
You are too injured to fight recklessly!
You are too injured to fight recklessly!
You are too injured to fight recklessly!
You are too injured to fight recklessly!
You are too injured to fight recklessly!
You are too injured to fight recklessly!
You are too injured to fight recklessly!
You are too injured to fight recklessly!
You are too injured to fight recklessly!
You are too injured to fight recklessly!
You are too injured to fight recklessly!
Unknown command.
Unknown command.
Okay, then.
As you read the scroll of teleportation, it crumbles to dust.
You feel strangely unstable. The death yak gores you!
The meliai invokes the aid of its god against you.
Something smites you!
* * * LOW HITPOINT WARNING * * *
The spriggan berserker prays to Trog.
The elephant rages.
The polar bear rages.
The death yak gores you!!
You die...

#####....♣♣ ♣...#
#.....♣♣ ♣♣...#
##.....♣♣♣♣♣yY..#
##........Y.i..#
##......yhi####
##....###i#
###### #i# #Y#
#@# ###


You could see 2 death yaks, an elephant (summoned, berserk), 4 spriggan
berserkers, a polar bear (summoned, berserk) and a meliai.

Vanquished Creatures
  Rupert (D:12)
  Gastronok (D:12)
  Nessos (D:12)
  3 dire elephants (Lair:6)
  A fire dragon (D:13)
  13 hydras
  2 catoblepae
  A boulder beetle (D:12)
  A centaur warrior (D:13)
  4 two-headed ogres
  3 death yaks (Lair:4)
  Urug (D:13)
  A goliath frog (shapeshifter) (D:12)
  A spectral anaconda (Lair:6)
  A wizard (D:13)
  3 lindwurms
  A harpy (shapeshifter) (D:13)
  4 necromancers (Lair:6)
  5 ugly things
  An oklob plant (Lair:4)
  2 deep elf pyromancers
  2 manticores
  2 cyclopes
  9 elephants
  10 black mambas
  16 cane toads
  3 gargoyles
  A torpor snail (Lair:4)
  2 efreet
  A kobold demonologist (D:11)
  7 rime drakes
  10 komodo dragons
  8 trolls
  2 polar bears
  A tyrant leech (Lair:3)
  19 blink frogs
  A slime creature (Lair:6)
  A jumping spider (Lair:3)
  A vampire (D:11)
  6 wraiths
  7 spriggans (D:9)
  46 yaks
  A water elemental (D:12)
  13 wyverns
  8 basilisks
  2 death yak simulacra (Lair:6)
  8 vampire mosquitoes
  3 humans (D:6)
  3 swamp worms (Lair:3)
  2 acid dragons
  21 water moccasins
  A hell hound (Lair:4)
  An ice beast (D:8)
  4 sky beasts
  An elephant zombie (Lair:6)
  3 ogres
  6 orc warriors
  3 boggarts (D:14)
  9 centaurs
  20 wolves
  A phantom (D:4)
  A kobold brigand (D:8)
  12 bullfrogs
  3 scorpions
  A gnoll sergeant (D:11)
  A cane toad simulacrum (Lair:6)
  2 small abominations
  A water moccasin zombie (D:7)
  A water moccasin skeleton (D:6)
  16 killer bees
  2 elephant simulacra (Lair:6)
  4 wights (D:6)
  6 electric eels (D:12)
  2 howler monkeys
  4 centaur zombies
  Crazy Yiuf (D:3)
  A hound (D:5)
  2 bullfrog skeletons
  9 orc priests
  A gnoll shaman (D:9)
  4 jellies
  A centaur skeleton (D:7)
  Terence (D:3)
  Natasha (thrice) (D:2)
  9 orc wizards
  3 hell rats (Lair:4)
  A howler monkey zombie (D:9)
  17 gnolls
  A howler monkey skeleton (D:6)
  6 adders
  2 shadow imps
  A white imp (D:5)
  An ufetubus (D:4)
  3 dart slugs
  48 orcs
  6 endoplasms
  3 giant cockroaches
  9 goblins
  9 hobgoblins
  4 jackals (D:2)
  7 ball pythons
  5 bats
  3 frilled lizards
  13 kobolds
  5 rats
551 creatures vanquished.

Vanquished Creatures (others)
  30 fungi
  30 plants
  14 withered plants (Lair:6)
74 creatures vanquished.

Grand Total: 625 creatures vanquished

Notes
Turn   | Place    | Note
-------+----------+-------------------------------------------
     0 | D:1      | karrick the Gargoyle Fighter began the quest for the Orb.
     0 | D:1      | Reached XP level 1. HP: 14/14 MP: 1/1
   255 | D:1      | Reached XP level 2. HP: 19/19 MP: 2/2
   737 | D:1      | Found a faded altar of an unknown god.
   901 | D:1      | Reached XP level 3. HP: 23/23 MP: 3/3
  1392 | D:1      | Reached XP level 4. HP: 29/29 MP: 4/4
  2239 | D:2      | Noticed Sigmund
  2267 | D:3      | Reached XP level 5. HP: 29/33 MP: 5/5
  2329 | D:3      | Reached skill level 3 in Maces & Flails
  2657 | D:3      | Noticed Terence
  2667 | D:3      | Killed Terence
  2692 | D:3      | Identified the +4 whip of the Toadstool {freeze, Fly rCorr
                  | Dex+2 Stlth+}
  3084 | D:3      | Noticed an ogre
  3090 | D:3      | Killed an ogre
  3091 | D:3      | Reached skill level 4 in Maces & Flails
  3091 | D:3      | Reached skill level 5 in Armour
  3091 | D:3      | Reached XP level 6. HP: 30/38 MP: 6/6
  3427 | D:3      | Found a runed translucent door.
  3428 | D:3      | Noticed Crazy Yiuf
  3438 | D:3      | Killed Crazy Yiuf
  3942 | D:4      | Reached skill level 1 in Stealth
  4003 | D:4      | Reached XP level 7. HP: 42/43 MP: 7/7
  4031 | D:4      | You are sucked into a shaft and drop 3 floors!
  4070 | D:7      | Reached skill level 5 in Maces & Flails
  4108 | D:6      | Found a sacrificial altar of Ru.
  4158 | D:6      | Found Nechuif's Book Shoppe.
  4193 | D:5      | Entered Level 5 of the Dungeon
  4611 | D:5      | Reached XP level 8. HP: 29/48 MP: 8/8
  4874 | D:5      | Reached skill level 6 in Maces & Flails
  4874 | D:5      | Reached skill level 1 in Dodging
  5110 | D:4      | Reached skill level 5 in Fighting
  5337 | D:4      | Found a staircase to the Ecumenical Temple.
  5344 | Temple   | Entered the Ecumenical Temple
  5573 | Temple   | Became a worshipper of Warmaster Okawaru
  6432 | D:5      | Found Waodecke's Whimsical Warehouse.
  6689 | D:6      | Found a stormy altar of Qazlal.
  6734 | D:6      | Reached skill level 7 in Maces & Flails
  6776 | D:6      | Reached * piety under Okawaru
  6786 | D:6      | Reached skill level 5 in Shields
  6786 | D:6      | Reached XP level 9. HP: 54/54 MP: 9/9
  7402 | D:2      | Noticed Natasha
  7407 | D:2      | Killed Natasha
  7610 | D:2      | Noticed Natasha
  7616 | D:2      | Killed Natasha
  7629 | D:2      | Noticed Natasha
  7634 | D:2      | Killed Natasha
  7634 | D:2      | Reached ** piety under Okawaru
  8042 | D:7      | Reached skill level 8 in Maces & Flails
  8385 | D:8      | Identified the +8 chain mail of Raile {rC+ rCorr SInv}
  8626 | D:8      | Reached skill level 9 in Maces & Flails
  8663 | D:8      | Reached *** piety under Okawaru
  8664 | D:8      | Reached XP level 10. HP: 59/61 MP: 10/10
  8784 | D:8      | Found a staircase to the Lair.
  9070 | D:9      | Found a snail-covered altar of Cheibriados.
  9092 | D:9      | Found Cheibriados's Comfort Zone.
  9380 | D:9      | Reached **** piety under Okawaru
  9386 | D:9      | Reached skill level 10 in Maces & Flails
  9541 | D:9      | Noticed a two-headed ogre
  9557 | D:9      | Killed a two-headed ogre
  9557 | D:9      | Reached ***** piety under Okawaru
  9651 | D:9      | Reached XP level 11. HP: 60/67 MP: 11/11
  9730 | D:9      | Identified the +2 leather armour of the Game of Kings
                  | {Rampage rCorr}
  9734 | D:9      | Noticed a two-headed ogre
  9780 | D:9      | Killed a two-headed ogre
  9789 | D:9      | Reached skill level 11 in Maces & Flails
 10062 | D:9      | Identified the +0 hat of the Crypt {Slay+3} (Okawaru gifted
                  | it to you on level 9 of the Dungeon)
 10062 | D:9      | Received a gift from Okawaru
 10396 | D:9      | Found a staircase to the Orcish Mines.
 10500 | D:9      | Found a glowing silver altar of Zin.
 10720 | D:10     | Entered Level 10 of the Dungeon
 11053 | D:10     | Noticed Snorg
 11268 | Lair:1   | Entered Level 1 of the Lair of Beasts
 11396 | Lair:1   | Reached skill level 10 in Armour
 11410 | Lair:1   | Reached skill level 12 in Maces & Flails
 11413 | Lair:1   | Reached XP level 12. HP: 75/75 MP: 12/12
 11507 | Lair:1   | Found a burning altar of Makhleb.
 11631 | Lair:1   | Noticed an eight-headed hydra
 11646 | Lair:1   | Killed an eight-headed hydra
 11646 | Lair:1   | Received a gift from Okawaru
 11711 | Lair:1   | Reached skill level 1 in Invocations
 12292 | Lair:1   | Noticed a seven-headed hydra
 12303 | Lair:1   | Killed a seven-headed hydra
 12606 | Lair:1   | Identified the +0 chain mail of Soss {rF+} (Okawaru gifted
                  | it to you on level 1 of the Lair of Beasts)
 12606 | Lair:1   | Received a gift from Okawaru
 13229 | Lair:2   | Identified the ring of the Furies {Dex+4 Slay+4}
 13510 | Lair:2   | Noticed a seven-headed hydra
 13512 | Lair:2   | Noticed a catoblepas
 13536 | Lair:2   | Killed a catoblepas
 13540 | Lair:2   | Noticed a five-headed hydra
 13563 | Lair:1   | Killed a five-headed hydra
 13568 | Lair:1   | Reached ****** piety under Okawaru
 13710 | Lair:2   | Killed a seven-headed hydra
 13714 | Lair:2   | Reached skill level 10 in Fighting
 14008 | Lair:3   | Noticed a six-headed hydra
 14031 | Lair:3   | Killed a six-headed hydra
 14032 | Lair:3   | Reached XP level 13. HP: 57/82 MP: 16/16
 14064 | Lair:3   | Received a gift from Okawaru
 14259 | Lair:3   | Found a hole to the Spider Nest.
 14266 | Lair:3   | Found a staircase to the Swamp.
 14474 | Lair:3   | Reached skill level 5 in Invocations
 15098 | Lair:3   | Reached skill level 5 in Dodging
 15217 | Lair:4   | Received a gift from Okawaru
 15407 | Lair:4   | Reached skill level 13 in Maces & Flails
 15608 | Lair:4   | Reached skill level 10 in Shields
 16391 | Lair:4   | Identified the ring of Viot {rPois rC- Slay+3 SInv}
 16486 | Lair:4   | Identified the +3 chain mail of Muttered Phrases {rF+ Will-
                  | rCorr} (Okawaru gifted it to you on level 4 of the Lair of
                  | Beasts)
 16486 | Lair:4   | Received a gift from Okawaru
 16509 | Lair:4   | Reached skill level 5 in Stealth
 16990 | Lair:5   | Gained mutation: Your large and strong wings let you fly.
                  | [Gargoyle growth]
 16990 | Lair:5   | Reached XP level 14. HP: 90/90 MP: 19/19
 18075 | Lair:5   | Received a gift from Okawaru
 18338 | Lair:6   | Entered Level 6 of the Lair of Beasts
 19608 | Lair:6   | Found a staircase to the Slime Pits.
 19758 | Lair:6   | Noticed a dire elephant
 19770 | Lair:6   | Noticed a dire elephant
 19790 | Lair:6   | Killed a dire elephant
 20052 | Lair:6   | Noticed a dire elephant
 20089 | Lair:6   | Killed a dire elephant
 20148 | Lair:6   | Identified the +1 pair of gloves of Hedging {rElec}
                  | (Okawaru gifted it to you on level 6 of the Lair of Beasts)
 20148 | Lair:6   | Received a gift from Okawaru
 20582 | Lair:6   | Killed a dire elephant
 21200 | D:11     | Reached XP level 15. HP: 97/97 MP: 22/22
 21350 | D:11     | Reached skill level 14 in Maces & Flails
 22113 | D:12     | Found a bloodstained altar of Trog.
 22125 | D:12     | Found a transporter.
 22126 | D:12     | Noticed browni3141's ghost (journeyman HuFi)
 22133 | D:12     | Found a transporter.
 22230 | D:12     | Noticed Gastronok
 22290 | D:12     | Killed Gastronok
 22403 | D:12     | Noticed Nessos
 22436 | D:12     | Killed Nessos
 22626 | D:12     | Noticed Rupert
 22635 | D:12     | Paralysed by Rupert for 2 turns
 22648 | D:12     | Paralysed by Rupert for 5 turns
 22654 | D:12     | Paralysed by Rupert for 6 turns
 22662 | D:12     | Paralysed by Rupert for 7 turns
 22673 | D:12     | Killed Rupert
 22674 | D:12     | Reached skill level 10 in Invocations
 22722 | D:12     | Found a snail-covered altar of Cheibriados.
 23005 | D:13     | Cast into level 2 of the Abyss (a wizard)
 23064 | D:13     | Escaped the Abyss
 23078 | D:13     | Reached skill level 1 in Throwing
 23203 | D:13     | Noticed Urug
 23233 | D:13     | Killed Urug
 23269 | D:13     | Found a flickering gateway to a bazaar.
 23397 | Bazaar   | Entered a bazaar
 23397 | Bazaar   | Found Qacwam's Magic Scroll Shoppe.
 23397 | Bazaar   | Found Wuxt's Jewellery Shoppe.
 23397 | Bazaar   | Found Xollel's Jewellery Emporium.
 23447 | Bazaar   | Bought a scroll of teleportation for 51 gold pieces
 23447 | Bazaar   | Bought 3 scrolls of teleportation for 153 gold pieces
 23802 | D:13     | Found a gate to the Vaults.
 24321 | D:13     | Identified the +2 pair of boots of Leapfrog {Int+6}
                  | (Okawaru gifted it to you on level 13 of the Dungeon)
 24321 | D:13     | Received a gift from Okawaru
 24569 | D:14     | Slain by a death yak

Illustrated notes

Levels and vault maps discovered:
D:1:      sevenhm_arrival_forest_fort_small_6, layout_basic,
          chequers_ecumenical_altar_simple, ebering_dispersal_statue_hall,
          palyth_stone_intersect
D:2:      layout_basic, uniq_sigmund, uniq_natasha
D:3:      layout_loops_corners, kennysheep_generic_room_13,
          uniq_crazy_yiuf_cottage, uniq_terence
D:4:      minmay_inner_zag, layout_basic, minmay_temple_entry_junction,
          minmay_manual_maat
D:5:      layout_loops_ring, minmay_misc_feat_roman, nicolae_alphabet_shops
D:6:      layout_basic, general_overflow_altar, nicolae_overflow_crystal_walls,
          minmay_shop_grid_forest, minmay_ruffians
D:7:      layout_rooms, minmay_misc_feat_enclosed
D:8:      layout_rooms, erik_lair_dragon
D:9:      kb_forest_paths, layout_basic, mainiacjoe_overflow_brackets,
          hiddenorc1_lemuel, st_stairs_5, minmay_shop_chei
D:10:     layout_gridville, uniq_snorg
D:11:     layout_rooms
D:12:     layout_basic, gammafunk_ghost_wrathful_warriors,
          kennysheep_slug_shrine, uniq_nessos, uniq_gastronok, uniq_rupert
D:13:     layout_loops_ring, david_vaults_4, serial_shops, bzr_entry_safe,
          uniq_urug
D:14:     layout_stronghold, chequers_hall_statues_corner_a,
          minmay_guarded_unrand_wrath_of_trog
Temple:   mainiacjoe_temple_bowtie_tessellation
Lair:1:   layout_loops_ring, basic_altar, chequers_serial_rivers_micro_a,
          nicolae_lair_lindhole
Lair:2:   layout_misc_corridors, lemuel_fruit_tree, grunt_megastairs_4
Lair:3:   layout_regular_city, minmay_swamp_entry_worms, spider_nest_entry_a
Lair:4:   layout_hall_layers, special_room [special_room_mythical_zoo],
          minmay_lair_oklob_items
Lair:5:   layout_concentric_octagons, infiniplex_staircase_pool_2
Lair:6:   due_jungle_book, layout_gridlike, minmay_slime_entry_pillars

Skill      XL: |  1  2  3  4  5  6  7  8  9 10 11 12 13 14 15 |
---------------+----------------------------------------------+-----
Armour         | 4 5 6 7 8 10 11 12 13 | 13.8
Maces & Flails | 4 5 7 9 10 12 13 14 | 14.2
Fighting       | 4 5 6 7 8 10 11 12 | 12.8
Shields        | 4 5 6 8 9 10 11 12 | 12.0
Stealth        | 1 2 3 4 5 6 |  6.1
Dodging        | 1 2 3 4 5 6 |  6.0
Invocations    | 4 7 9 10 | 10.3
Throwing       | 2 |  2.1
Evocations     | |  0.1

Action                   |  1- 3 |  4- 6 |  7- 9 | 10-12 | 13-15 || total
-------------------------+-------+-------+-------+-------+-------++-------
Melee: Flail             |    79 |    79 |       |       |       ||   158
       Whip              |       |    50 |   407 |   956 |  1282 ||  2695
Throw: Boomerang         |       |       |       |       |    27 ||    27
Invok: Heroism           |       |       |       |       |     2 ||     2
Evoke: Condenser vane    |       |       |       |     1 |     3 ||     4
       Tin of tremorston |       |       |       |       |     3 ||     3
       Wand              |       |       |       |       |     1 ||     1
  Use: Potion            |       |       |     2 |     3 |       ||     5
       Scroll            |       |       |       |     1 |    25 ||    26
 Stab: Sleeping          |       |       |     4 |       |       ||     4
       Petrifying        |       |       |       |     1 |       ||     1
       Confused          |       |       |       |       |    10 ||    10
Armor: Scale mail        |    45 |    57 |   144 |       |       ||   246
       Chain mail        |       |       |     1 |   425 |   596 ||  1022
Dodge: Dodged            |    40 |    46 |   120 |   283 |   415 ||   904
Block: Buckler           |    20 |    19 |    70 |   214 |   291 ||   614

Table legend: (Time is in decaauts)
 A = Elapsed time spent in this place.
 B = Non-inter-level travel time spent in this place.
 C = Inter-level travel time spent in this place.
 D = Time resting spent in this place.
 E = Time spent auto-exploring this place.
 F = Levels seen in this place.
 G = Mean time per level.
                   A        B        C        D        E       F      G
               +--------+--------+--------+--------+--------+-----+--------+
         Total |  23554 |  22405 |   1149 |   1409 |  16236 |  23 | 1024.1 |
       Dungeon |  14091 |  13380 |    711 |    758 |   9518 |  14 | 1006.5 |
        Temple |    243 |    206 |     37 |      0 |    189 |   1 |  243.0 |
          Lair |   9097 |   8696 |    401 |    651 |   6504 |   6 | 1516.2 |
         Abyss |     56 |     56 |      0 |      0 |      0 |   1 |   56.0 |
        Bazaar |     65 |     65 |      0 |      0 |     25 |   1 |   65.0 |
               +--------+--------+--------+--------+--------+-----+--------+

Top non-repeatable levels by time:
  Lair:6: 1954 daAuts
  Lair:1: 1810 daAuts
  Lair:5: 1708 daAuts
  Lair:4: 1683 daAuts
     D:3: 1568 daAuts
     D:1: 1543 daAuts
     D:9: 1511 daAuts
     D:2: 1275 daAuts
     D:4: 1236 daAuts
     D:5: 1178 daAuts
    D:12: 1110 daAuts
  Lair:3: 1102 daAuts
    D:13: 996 daAuts
  Lair:2: 837 daAuts
     D:8: 826 daAuts
